 Dungeon Crawl Stone Soup version 0.27.1-4-g1640c2035a (webtiles) character file.

Game seed: 15907054854143491235

7 lonewolfV2 the Gusty (level 1, -3/14 HPs)
             Began as a Draconian Air Elementalist on Nov 15, 2021.
             Slain by a worm (8 damage)
             ... on level 2 of the Dungeon.
             The game lasted 00:02:40 (1124 turns).

lonewolfV2 the Gusty (Draconian Air Elementalist)   Turns: 1124, Time: 00:02:40

Health: -3/14      AC:  4    Str: 10    XL:     1   Next: 83%
Magic:  1/3        EV: 12    Int: 15    God:
Gold:   8          SH:  0    Dex: 11    Spells: 3/4 levels left

rFire    . . .     SeeInvis .   (no weapon)
rCold    . . .     Faith    .   (no shield)
rNeg     . . .     Spirit   .   (armour unavailable)
rPois    +         Reflect  .   (helmet restricted)
rElec    .         Harm     .   (no cloak)
rCorr    .         Rampage  .   (no gloves)
Will     .....                  (no boots)
Stlth    ++........             (no amulet)
HPRegen  0.04/turn              g - ring of poison resistance
MPRegen  0.08/turn              (no ring)

@: no status effects
A: AC +4, unfitting armour, cold-blooded
a: no special abilities


You were on level 2 of the Dungeon.
You visited 1 branch of the dungeon, and saw 2 of its levels.

You collected 8 gold pieces.

Inventory:

Jewellery
 g - a ring of poison resistance (left hand)
Scrolls
 a - a scroll of magic mapping
 b - a scroll of blinking {unknown}
 d - a scroll of fear {unknown}
 e - a scroll of summoning {unknown}
 f - a scroll of identify {unknown}
Potions
 c - a potion of heal wounds {unknown}


   Skills:
 + Level 1.8 Dodging
 + Level 1.8 Stealth
 + Level 2.1 Spellcasting
 + Level 1.2 Conjurations
 + Level 3.2 Air Magic


You had 3 spell levels left.
You knew the following spells:

 Your Spells              Type           Power      Damage    Failure   Level
a - Shock                 Conj/Air       32%        1d5       9%          1

Your spell library contained the following spells:

 Spells                   Type           Power      Damage    Failure   Level
 Static Discharge         Conj/Air       8%         N/A       14%         2
 Swiftness                Air            11%        N/A       19%         3
 Airstrike                Air            5%         N/A       52%         4


Dungeon Overview and Level Annotations

Branches:
Dungeon (2/15)

Altars:


Innate Abilities, Weirdness & Mutations

Your plain brown scales are hard. (AC +4)
You cannot fit into any form of body armour.
You are cold-blooded and may be slowed by cold attacks.


Message History

There is a stone staircase leading down here.
You climb downwards.
There is a stone staircase leading up here.
g - a ring of poison resistance (left hand)
As you read the scroll labelled RYBBAF AZOAH, it crumbles to dust.
You feel aware of your surroundings.
It was a scroll of magic mapping.
A worm comes into view.
A worm is nearby!
The zap hits the worm.
The worm is lightly wounded.
The zap hits the worm.
The worm is moderately wounded.
The zap hits the worm.
The worm is heavily wounded.
You are too depleted to draw on your mana recklessly!
You are too depleted to draw on your mana recklessly!
You are too depleted to draw on your mana recklessly!
You barely miss the worm.
The worm is heavily wounded.
The worm closely misses you.
You hit the worm.
The worm is heavily wounded.
You hit the worm. You tail-slap the worm.
The worm is severely wounded.
The worm misses you.
You hit the worm.
The worm is severely wounded.
The worm bites you.
You hit the worm.
The worm is severely wounded.
You hit the worm.
The worm is almost dead.
The worm bites you.
You hit the worm.
The worm is almost dead.
You hit the worm but do no damage.
The worm is almost dead.
The worm bites you!
Ouch! That really hurt!
You die...

,*,,,,**,,,,,,,,,,..#,***,**,,,,,
,*,*,***,*********#.#,,,,,,,,,***
,,,,,,,,,* #.#,,**,***,*
,,,,,,,,,* ######.#,,**,* *,*
,,,,,,,,,* #...##.#*,**,* *,*
,,,,,,,,,* ##...##.#*,**,* *,*
,,,,,,,,,* #....+.<#*,,*,* *,*
,,<,,,,,,* #...w##.##,,*,* *,*
,,,,,,,,,* *,#.@....#,,,,* *,*
,***,***,* *,#...####,*,,***,*
****,* *,* *,#...# *,,,,,,*,*
,,,,,***,** *,#.###*****,,*,*,*
,,,*,,,,,,* *...,,,,,,,,*>,,,,*
**,*,,,,,,**###.*******,***,***
,,,+,,,,,,+,,,..,,* *,* *,*
**,*,,,,,,****#.*,* *,* *,*
,,,,,,,,,** *,*,* *,* *,*


You could see a worm.

Vanquished Creatures
  2 bats (D:1)
  A goblin (D:1)
  A hobgoblin (D:1)
  A kobold (D:1)
  A rat (D:1)
6 creatures vanquished.

Notes
Turn   | Place    | Note
-------+----------+-------------------------------------------
     0 | D:1      | lonewolfV2 the Draconian Air Elementalist began the quest
                  | for the Orb.
     0 | D:1      | Reached XP level 1. HP: 14/14 MP: 3/3
   563 | D:1      | Found a faded altar of an unknown god.
  1124 | D:2      | Slain by a worm

Illustrated notes

Levels and vault maps discovered:
D:1:      wander_arrival_chamber, layout_basic,
          shapermc_ecumenical_altar_totnotflames, minmay_misc_feat_doors,
          minmay_misc_feat_roman
D:2:      layout_basic, amcnicky_mini_pool_small

Action                   || total
-------------------------++-------
Melee: Unarmed           ||    16
       Tailslap          ||     1
 Cast: Shock             ||    13
  Use: Scroll            ||     1
Armor: Skin              ||     3
Dodge: Dodged            ||     8
